Map: King's Cove LE

Players

ace

  • Race: Protoss Protoss
  • League: Platinum
  • Spawn Location: 11:00

Gone - Winner!

  • Race: Zerg Zerg
  • League: Platinum
  • Spawn Location: 5:00

VOD

Have the link to the VOD?

Description

Time

  • Played on: March 15, 2019, 9:13 a.m.
  • Length: 10:36
Show
View Real Time Build Order
Export as new Build Order

ace Protoss 

Build Orders: Carrier Rush 

Get SALT Encoding   

  12  0:01  Probe  
  13  0:13  Pylon  
  13  0:19  Probe  
  14  0:34  Gateway  
  14  0:40  Assimilator  
  14  0:43  Probe  
  15  0:58  Probe  
  15  1:02  Assimilator  
  16  1:10  Probe  
  17  1:22  Probe  
  18  1:27  Pylon  
  18  1:33  Cybernetics Core  
  18  1:36  Probe  
  19  1:47  Forge  
  19  2:09  Probe  
  20  2:16  Stargate  
  20  2:36  Probe  
  21  2:48  Probe  
  21  2:51  Photon Cannon  
  22  2:55  Photon Cannon  
  21  3:13  Pylon  
  24  3:44  Fleet Beacon  
  24  3:47  Probe  
  22  3:56  Robotics Facility  
  22  3:59  Probe  
  23  4:11  Probe  
  23  4:12  Carrier  
  23  4:16  Protoss Air Weapons Level 1  
  24  4:23  Probe  
  31  4:34  Pylon  
  31  4:35  Pylon  
  31  4:41  Warp Prism  
  31  4:52  Probe  
  34  5:04  Probe  
  35  5:11  Carrier  
  35  5:16  Probe  
  42  5:28  Probe  
  42  5:30  Nexus  
  43  5:40  Probe  
  44  5:52  Probe  
  45  6:16  Probe  
  46  6:24  Pylon  
  46  6:25  Pylon  
  46  6:28  Probe  
  47  6:32  Carrier  
  47  6:34  Nexus  
  47  6:42  Probe  
  54  6:54  Probe  
  55  7:07  Probe  
  56  7:19  Probe  
  56  7:22  Assimilator  
  57  7:24  Assimilator  
  57  7:31  Probe  
  58  7:43  Probe  
  59  7:45  Pylon, Carrier  
  65  7:55  Probe  
  66  8:06  Probe  
  66  8:07  Probe  
  68  8:17  Stargate  
  68  8:18  Probe  
  68  8:19  Probe  
  70  8:20  Protoss Air Weapons Level 2  
  70  8:30  Probe  
  70  8:31  Probe  
  72  8:40  Carrier  
  72  8:42  Probe  
  72  8:43  Probe  
  74  8:55  Probe x2  
  82  9:07  Probe  
  82  9:08  Probe  
  83  9:19  Probe  
  83  9:20  Probe  
  83  9:22  Nexus  
  83  9:24  Pylon  
  85  9:30  Pylon x2  
  85  9:33  Probe  
  86  9:42  Probe  
  99  10:01  Assimilator  
  99  10:04  Assimilator  
  99  10:06  Probe x2  
Show
View Real Time Build Order
Export as new Build Order

Gone Zerg - Winner!

Build Orders: Hatch First 

Get SALT Encoding   

  12  0:02  Drone  
  13  0:10  Drone  
  14  0:18  Overlord  
  14  0:28  Drone, Extractor x2  
  13  0:30  Drone  
  16  0:37  Drone  
  17  0:46  Drone  
  18  1:01  Hatchery  
  17  1:05  Drone  
  18  1:15  Spawning Pool  
  17  1:18  Drone  
  17  1:24  Drone  
  19  1:43  Hatchery  
  18  2:06  Hatchery  
  17  2:10  Zergling x4  
  17  2:11  Zergling x2  
  21  2:15  Zergling x2  
  21  2:26  Zergling x2  
  21  2:27  Zergling x2  
  23  2:37  Zergling x4  
  24  2:40  Extractor  
  24  2:41  Extractor  
  24  2:43  Drone  
  24  2:45  Drone  
  25  3:04  Hatchery  
  24  3:08  Drone  
  24  3:09  Drone  
  24  3:12  Drone  
  27  3:19  Drone x2  
  29  3:27  Drone  
  29  3:32  Drone  
  29  3:33  Drone x2  
  33  3:37  Drone  
  34  3:45  Spore Crawler  
  34  3:47  Drone  
  34  3:51  Drone  
  34  3:54  Drone  
  36  3:58  Drone  
  36  4:01  Drone  
  38  4:10  Drone  
  38  4:11  Drone  
  38  4:13  Overlord  
  40  4:18  Spore Crawler  
  40  4:19  Drone  
  40  4:37  Drone x8  
  48  4:40  Drone  
  48  4:42  Drone  
  48  4:44  Drone  
  51  4:46  Drone  
  51  4:48  Drone  
  53  4:54  Drone  
  53  4:56  Overlord  
  54  5:00  Spore Crawler  
  54  5:04  Lair  
  53  5:09  Drone  
  53  5:14  Metabolic Boost  
  54  5:15  Overlord x2  
  54  5:19  Drone  
  54  5:20  Drone x3  
  58  5:23  Drone x2  
  58  5:24  Drone  
  58  5:26  Drone  
  62  5:32  Pneumatized Carapace  
  62  5:40  Drone, Spore Crawler  
  62  5:44  Drone  
  62  5:45  Drone, Extractor x2  
  62  5:46  Drone x3  
  62  5:47  Drone x2  
  62  5:48  Drone  
  62  5:49  Overlord  
  68  5:53  Drone  
  68  5:54  Drone x4  
  68  5:55  Drone  
  74  6:12  Drone  
  74  6:13  Drone x7  
  82  6:24  Hydralisk Den  
  81  6:27  Spire  
  81  6:31  Drone x2  
  81  6:32  Evolution Chamber  
  81  6:33  Evolution Chamber  
  81  6:35  Drone x3  
  81  6:36  Drone x2  
  81  6:37  Drone  
  81  6:39  Overlord x2  
  86  6:42  Extractor  
  86  6:43  Extractor  
  86  6:44  Drone x2, Extractor  
  86  6:46  Drone x2, Extractor  
  84  7:01  Hydralisk x5  
  80  7:02  Hydralisk x4  
  80  7:07  Hydralisk  
  100  7:11  Zergling x2  
  101  7:21  Overlord x3  
  101  7:25  Zerg Missile Weapons Level 1, Zerg Ground Armor Level 1  
  101  7:26  Grooved Spines  
  101  7:33  Infestation Pit, Drone  
  101  7:40  Drone  
  101  7:41  Drone  
  101  7:42  Drone  
  101  7:43  Drone x5  
  109  7:53  Drone x2  
  109  7:54  Hydralisk  
  109  7:55  Hydralisk x6  
  125  7:59  Overlord x3  
  125  8:04  Zerg Flyer Weapons Level 1  
  125  8:12  Hive  
  125  8:14  Pathogen Glands  
  125  8:22  Extractor  
  125  8:23  Drone x2  
  125  8:24  Drone  
  125  8:25  Drone x3  
  125  8:26  Extractor, Hydralisk x4  
  125  8:27  Hydralisk x3  
  131  8:29  Overlord x2  
  143  8:38  Muscular Augments  
  143  8:43  Corruptor  
  143  8:44  Corruptor x2  
  149  8:49  Corruptor  
  149  8:50  Corruptor  
  149  8:51  Corruptor  
  154  9:15  Hydralisk x7  
  166  9:18  Overlord x3  
  166  9:19  Overlord x2  
  166  9:34  Nydus Network  
  165  9:40  Hydralisk  
  165  9:41  Hydralisk x6  
  165  9:43  Zergling x10  
  184  9:54  Hatchery  
Tags
 
Add a new tag
Caveats
  • Supply blocks, unpowered buildings, or Contaminate may cause inaccurate times.
  • Supply counts are checked every 10 seconds.